 Dungeon Crawl Stone Soup version 0.27.1-1-g398f81649c (webtiles) character file.

Game seed: 3912881545759042085

399 pkoi the Ruffian (level 6, 0/55 (59) HPs)
             Began as a Troll Monk on Sept 7, 2021.
             Slain by Crazy Yiuf (19 damage)
             ... on level 3 of the Dungeon.
             The game lasted 00:02:43 (2611 turns).

pkoi the Ruffian (Troll Monk)                       Turns: 2611, Time: 00:02:44

HP:   0/55 (59)     AC:  4    Str: 22    XL:     6   Next: 54%
MP:   0/5           EV: 10    Int:  6    God:
Gold: 223           SH:  0    Dex: 12    Spells: 5/5 levels left

rFire    . . .     SeeInvis .     - Unarmed
rCold    . . .     Faith    .   (no shield)
rNeg     . . .     Spirit   +   a - +0 robe
rPois    .         Reflect  .   (helmet restricted)
rElec    .         Harm     .   (no cloak)
rCorr    .         Rampage  .   (gloves unavailable)
Will     .....                  (boots unavailable)
Stlth    ++........             b - amulet of guardian spirit
HPRegen  1.18/turn              (no ring)
MPRegen  0.09/turn              (no ring)

@: drained
A: large, unfitting armour, claws 3, regeneration 1, shaggy fur 1, tough skin 1
a: no special abilities


You were on level 3 of the Dungeon.
You visited 1 branch of the dungeon, and saw 3 of its levels.

You collected 223 gold pieces.

Inventory:

Armour
 a - a +0 robe (worn)
Jewellery
 b - an amulet of guardian spirit (around neck)
Scrolls
 c - 2 scrolls of identify {unknown}
 e - a scroll of amnesia {unknown}
 f - 2 scrolls of magic mapping {unknown}
 h - a scroll of silence {unknown}
 k - a scroll of enchant armour {unknown}
 l - a scroll of noise {unknown}
Potions
 d - 4 potions of heal wounds {unknown}
 g - a potion of flight {unknown}
 i - a potion of might
 j - 2 potions of attraction {unknown}
 m - a potion of curing {unknown}
 n - a potion of resistance {unknown}
 o - a potion of degeneration {unknown}


   Skills:
 - Level 2.4 Fighting
 - Level 2.4 Dodging
 - Level 1.0 Stealth
 + Level 7.5 Unarmed Combat


You had 5 spell levels left.
You didn't know any spells.
Your spell library was empty.

Dungeon Overview and Level Annotations

Branches:
Dungeon (3/15)

Altars:
Kikubaaqudgha

Shops:
D:2 [   D:3 (

Annotations:
D:3 Crazy Yiuf


Innate Abilities, Weirdness & Mutations

You are too large for most types of armour.
You have claws for hands.
Your natural rate of healing is unusually fast.
You are covered in fur. (AC +1)
You have tough skin. (AC +1)


Message History

You claw the endoplasm!
You kill the endoplasm!
No target in view!
No target in view!
o - a black potion
d - 4 emerald potions (gained 1)
Things that are here:
a +0 scythe; a +0 robe; the human corpse of Sigmund You see here 27 bolts.
Key pressed, stopping explore.
Found a stone staircase leading down.
There is a stone staircase leading down here.
There is a stone staircase leading down here.
Key pressed, stopping explore.
There is an entrance to Ifyer's Weapon Shoppe here.
Crazy Yiuf shouts!
Could not explore, unopened runed door.
Could not explore, unopened runed door.
Could not explore, unopened runed door.
You open the door.
Crazy Yiuf hits you with a +4 quarterstaff of chaos!
You feel drained.
There is an open translucent door, spattered with blood here.
You completely miss Crazy Yiuf.
Crazy Yiuf drinks a potion.
Crazy Yiuf seems to grow stronger.
You scratch Crazy Yiuf but do no damage.
Crazy Yiuf hits you with a +4 quarterstaff of chaos.
You claw Crazy Yiuf!
Crazy Yiuf is heavily wounded.
Crazy Yiuf hits you with a +4 quarterstaff of chaos.
You scratch Crazy Yiuf.
Crazy Yiuf is severely wounded.
Crazy Yiuf hits you with a +4 quarterstaff of chaos!
* * * LOW HITPOINT WARNING * * *
You feel drained.
* * * LOW HITPOINT WARNING * * *
You scratch Crazy Yiuf but do no damage.
Crazy Yiuf is severely wounded.
Crazy Yiuf hits you with a +4 quarterstaff of chaos!!
You die...

##......^.#.###............##
#######...#.#.#.#######..##
########### #..# #..# #####
#..# #..)# #∩.# #...# #..#
#.g.# #..# # #@# #..# # ♣♣.♣
#..# # ♣.♣♣ #######..### ♣♣.♣
#......#.... ♣.♣♣
#.......#### ♣♣.♣♣ #........#
♣...♣♣ #...###### ♣....♣
#.### #....# #.#


You could see Crazy Yiuf (strong).

Vanquished Creatures
  Sigmund (D:3)
  An ogre (D:3)
  A phantom (D:3)
  4 adders
  2 worms
  A dart slug (D:2)
  A ball python (D:3)
  5 endoplasms
  6 goblins
  A hobgoblin (D:3)
  A jackal (D:3)
  2 quokkas
  2 bats (D:2)
  2 frilled lizards
  6 kobolds
  3 rats
39 creatures vanquished.

Notes
Turn   | Place    | Note
-------+----------+-------------------------------------------
     0 | D:1      | pkoi the Troll Monk began the quest for the Orb.
     0 | D:1      | Reached XP level 1. HP: 22/22 MP: 0/0
   321 | D:1      | Reached XP level 2. HP: 29/29 MP: 1/1
  1124 | D:2      | Reached skill level 4 in Unarmed Combat
  1218 | D:2      | Reached XP level 3. HP: 36/36 MP: 2/2
  1232 | D:2      | Found Wouf's Antique Armour Shop.
  1765 | D:3      | Found an ancient bone altar of Kikubaaqudgha.
  1824 | D:3      | Noticed a phantom
  1837 | D:3      | Killed a phantom
  1838 | D:3      | Reached skill level 5 in Unarmed Combat
  1838 | D:3      | Reached XP level 4. HP: 40/44 MP: 0/3
  1931 | D:3      | Found Ifyer's Weapon Shoppe.
  1943 | D:3      | Found a faded altar of an unknown god.
  1970 | D:3      | Found a runed translucent door.
  1971 | D:3      | Noticed Crazy Yiuf
  2223 | D:3      | Noticed an ogre
  2231 | D:3      | Killed an ogre
  2232 | D:3      | Reached skill level 6 in Unarmed Combat
  2232 | D:3      | Reached XP level 5. HP: 20/50 MP: 2/4
  2294 | D:3      | Noticed Sigmund
  2309 | D:3      | Killed Sigmund
  2310 | D:3      | Reached skill level 7 in Unarmed Combat
  2310 | D:3      | Reached XP level 6. HP: 51/59 MP: 3/5
  2611 | D:3      | Slain by Crazy Yiuf

Illustrated notes

Levels and vault maps discovered:
D:1:      elethiomel_arrival_maze, layout_loops_corners
D:2:      layout_loops_ring, serial_shops, shop_coins
D:3:      layout_loops_ring, nicolae_kikubaaqudgha_miasma_corner,
          ebering_ecumenical_altar_hall, serial_shops, shop, nrook_uturn,
          amethyst_killhole, minmay_cupped, uniq_sigmund,
          uniq_crazy_yiuf_cottage

Skill      XL: |  1  2  3  4  5 |
---------------+----------------+-----
Unarmed Combat | 4 5 6 7 |  7.5
Fighting       | |  2.4
Dodging        | |  2.4
Stealth        | |  1.0

Action                   |  1- 3 |  4- 6 || total
-------------------------+-------+-------++-------
Melee: Unarmed           |    62 |    47 ||   109
 Stab: Sleeping          |     2 |       ||     2
Armor: Robe              |    16 |     5 ||    21
Dodge: Dodged            |    31 |    13 ||    44
